 Dungeon Crawl Stone Soup version 0.31-a0-180-g519b7de00c (webtiles) character file.

Game seed: 4170705166133551290

19707 qw the Cleaver (level 12, -3/77 HPs)
             Began as a Gargoyle Fighter on June 20, 2023.
             Was a High Priest of Okawaru.
             Slain by a freezing wraith (5 damage)
             ... on level 2 of the Lair of Beasts.
             The game lasted 00:07:39 (11777 turns).

qw the Cleaver (Gargoyle Fighter)                  Turns: 11777, Time: 00:07:39

Health: -3/77      AC: 29    Str: 29    XL:     12   Next: 71%
Magic:  18/18      EV: 15    Int: 14    God:    Okawaru [*****.]
Gold:   378        SH:  6    Dex:  9    Spells: 11/11 levels left

rFire   . . .        j - +0 broad axe
rCold   . . .        c - +0 buckler
rNeg    + . .        w - +0 plate armour
rPois   inf          v - +2 helmet {Int+3}
rElec   +            s - +0 cloak
rCorr   .            (no gloves)
SInv    .            (no boots)
Will    .....        (no amulet) Stlth
                     p - +5 ring of evasion
HPRegen 0.32/turn    k - +6 ring of strength
MPRegen 0.16/turn

%: no passive effects
@: heroic, very slow
A: sickness immunity, AC +8, negative energy resistance 1, electricity
resistance, torment resistance 1, petrification resistance, hooves 1
a: Renounce Religion, Heroism, Finesse, Duel


You were on level 2 of the Lair of Beasts.
You worshipped Okawaru.
Okawaru was extremely pleased with you.
You visited 3 branches of the dungeon, and saw 12 of its levels.
You also visited: Gauntlet.

You collected 655 gold pieces.
You spent 277 gold pieces at shops.


Innate Abilities, Weirdness & Mutations

You are immune to sickness and miasma.
Your stone body is resilient. (AC +8)
You are immune to poison.
You resist negative energy. (rN+)
You are resistant to electric shocks. (rElec)
You are resistant to unholy torment.
You are immune to petrification.
You have large cloven feet.


   Skills:
 - Level 10.1(15.1) Fighting
 - Level 12.9(17.9) Axes
 + Level 4.6(9.6) Throwing
 - Level 8.0(13.0) Armour
 - Level 2.0(7.0) Dodging
 - Level 6.0(11.0) Shields
 + Level 8.6 Invocations


You had 11 spell levels left.
You didn't know any spells.
Your spell library was empty.

Inventory:

Hand Weapons
 f - a +2 flail of holy wrath
 j - a +0 broad axe (weapon)
Missiles
 n - 2 silver javelins (quivered)
 r - 2 boomerangs
 y - 2 javelins
Armour
 c - a +0 buckler (worn)
 i - the +3 hat of Pondering {ponderous, Will+ MP+10 Int+5}
   (You took it off Gastronok on level 1 of the Lair of Beasts)

   Int:       It affects your intelligence (+5).
   MP:        It affects your magic capacity (+10).
   Will:      It increases your willpower.
 s - a +0 cloak (worn)
 v - a +2 helmet of intelligence (worn)
 w - a +0 plate armour (worn)
Jewellery
 k - a +6 ring of strength (right hand)
 l - a ring of protection from cold
 o - a ring of protection from fire
 p - a +5 ring of evasion (left hand)
 u - an amulet of the acrobat
Scrolls
 a - 9 scrolls of identify
 g - 3 scrolls of teleportation
Potions
 b - a potion of enlightenment
 d - 2 potions of might
 e - a potion of cancellation
 h - 2 potions of attraction
 m - 3 potions of lignification
 q - 5 potions of curing
 t - 3 potions of haste
 x - a potion of heal wounds

Dungeon Overview and Level Annotations

Branches:
Dungeon (9/15)             Temple (1/1) D:4            Lair (2/5) D:9
  Snake (0/4) Lair:2          Orc (0/2) D:9         Gauntlet (visited)
  Swamp: Lair:2-3    Shoals: Lair:2-3

Altars:
Ashenzari
Cheibriados
Dithmenos
Elyvilon
Fedhas
Gozag
Hepliaklqana
Kikubaaqudgha
Makhleb
Nemelex Xobeh
Okawaru
Qazlal
Ru
Sif Muna
Trog
Vehumet
Wu Jian
Xom
Yredelemnul
The Shining One

Shops:
D:5 **=[

Annotations:
D:4 exclusion: 6 dart slugs
D:7 3 runed translucent doors, qw's ghost, novice GrFi


Message History

The rime drake bites you but does no damage.
The freezing wraith barely misses you.
The freezing wraith hits you but does no damage.
You slash the rime drake! You kick the rime drake.
You kill the rime drake!
Okawaru accepts your kill.
You can now enter into single combat with a foe.
Okawaru will now gift you equipment as you gain piety.
Okawaru grants you throwing weapons! Something appears at your feet!
You hear a splash.
You hit the freezing wraith but do no damage.
The freezing wraith hits you but does no damage.
You block the freezing wraith's attack.
You slice the freezing wraith!!
You kick the freezing wraith, but do no damage.
The freezing wraith is heavily damaged.
Your unstable footing causes you to fumble your attack.
The freezing wraith barely misses you.
The freezing wraith hits you but does no damage.
You closely miss the freezing wraith. Your kick misses the freezing wraith.
The freezing wraith is heavily damaged.
You closely miss the ice devil.
The ice devil splashes around in the water.
The freezing wraith hits you. The freezing wraith freezes you!
You block the freezing wraith's attack.
You hit the freezing wraith but do no damage.
The freezing wraith is heavily damaged.
You slice the ice devil!!
The ice devil splashes around in the water.
You closely miss the ice devil. You kick the ice devil.
The ice devil is heavily wounded.
You slash the freezing wraith! The freezing wraith closely misses you.
The freezing wraith hits you but does no damage.
The ice devil splashes around in the water.
Your unstable footing causes you to fumble your attack.
The freezing wraith hits you. The freezing wraith freezes you!!
The freezing wraith hits you.
You die...

.........###...##.P#
........#.#...## .#
..............# #
...<.....# .#
...####.%## .# ##
#...#..## ~##
#........
~~~~~####......##
~~~~~~W@~......#
~~~~~~4~~~~~####
.~~.~~~~~~~~~~#
.....~~.~~~~~~#
......~.~.~~~~~#
############~~~~#
#####


You could see an ice devil and a freezing wraith.

Vanquished Creatures
  Gastronok (Lair:1)
  A minotaur (Gauntlet)
  Fannar (Lair:1)
  A hydra (Lair:1)
  Erica (D:8)
  A tengu warrior (Gauntlet)
  A sixfirhy (Gauntlet)
  A wizard (Gauntlet)
  Pikel (D:6)
  Joseph (D:8)
  4 black mambas
  2 cane toads
  2 rime drakes
  2 minotaur zombies (Gauntlet)
  2 komodo dragons (Lair:1)
  2 tengu conjurers (Gauntlet)
  A troll (D:9)
  A polar bear (Lair:1)
  9 blink frogs
  A hornet (D:9)
  Eustachio (D:6)
  4 yaks
  2 steam dragons (D:7)
  Grum (D:8)
  Menkaure (D:4)
  3 nagas (Lair:2)
  5 water moccasins (Lair:1)
  5 ice beasts
  3 sky beasts
  A black bear (D:5)
  2 orc warriors
  2 ogres
  19 wolves
  3 centaurs
  A phantom (D:6)
  A lemure (D:6)
  A kobold brigand (D:6)
  8 bullfrogs
  3 gnoll sergeants (D:7)
  2 scorpions (D:5)
  3 wights
  3 killer bees (D:8)
  5 howler monkeys
  An elephant simulacrum (Lair:2)
  2 gnoll boudas
  4 jellies
  4 orc priests
  5 hounds
  5 iguanas
  Natasha (thrice) (D:2)
  3 orc wizards
  10 adders
  27 gnolls
  2 white imps
  5 ufetubi
  A worm (D:3)
  14 dart slugs
  43 orcs
  4 endoplasms
  5 giant cockroaches
  8 goblins
  9 hobgoblins
  4 jackals
  2 quokkas (D:1)
  8 ball pythons
  8 bats
  4 frilled lizards
  11 kobolds
  3 rats
310 creatures vanquished.

Vanquished Creatures (others)
  A white imp (Gauntlet)
1 creature vanquished.

Grand Total: 311 creatures vanquished

Notes
Turn   | Place    | Note
-------+----------+-------------------------------------------
     0 | D:1      | qw the Gargoyle Fighter began the quest for the Orb.
     0 | D:1      | Reached XP level 1. HP: 14/14 MP: 1/1
     0 | D:1      | 0 ||| qw: Version: 0.3-a-9-g12657ce
     0 | D:1      | 0 ||| qw: Game counter: 1131
     0 | D:1      | 0 ||| qw: Always use a shield: true
     0 | D:1      | 0 ||| qw: God list: Okawaru
     0 | D:1      | 0 ||| qw: Allow faded altars: false
     0 | D:1      | 0 ||| qw: Do Orc after D:15 true
     0 | D:1      | 0 ||| qw: Do second Lair branch before Depths: true
     0 | D:1      | 0 ||| qw: Lair rune preference: random
     0 | D:1      | 0 ||| qw: Plans: Normal, Zot:1-4, Slime:5, God:TSO, Crypt,
                  | Tomb, Abyss, Pan, Hells, Win
     0 | D:1      | 0 ||| PLANNING D:1-11
    18 | D:1      | Reached skill level 2 in Axes
    45 | D:1      | 45 ||| Stepping ~*~*~tactically~*~*~ (stealth).
    88 | D:1      | Reached XP level 2. HP: 19/19 MP: 2/2
   250 | D:1      | 250 ||| DROPPING +0 club.
   252 | D:1      | 252 ||| Stepping ~*~*~tactically~*~*~ (hiding).
   253 | D:1      | 253 ||| Stepping ~*~*~tactically~*~*~ (hiding).
   292 | D:1      | Reached skill level 3 in Axes
   369 | D:1      | Reached XP level 3. HP: 22/23 MP: 3/3
   530 | D:1      | 530 ||| UPGRADING to +0 helmet.
   535 | D:1      | 535 ||| READING 2 scrolls labelled CYEDAS BOFRURA.
   536 | D:1      | 536 ||| READING scroll labelled ILUITO EFFUNU.
   537 | D:1      | 537 ||| DRINKING 3 smoky yellow potions.
   623 | D:2      | Noticed Natasha
   624 | D:2      | 624 ||| Stepping ~*~*~tactically~*~*~ (hiding).
   625 | D:2      | 625 ||| Stepping ~*~*~tactically~*~*~ (hiding).
   634 | D:2      | Killed Natasha
   658 | D:2      | Reached XP level 4. HP: 28/28 MP: 4/4
   717 | D:2      | Noticed Natasha
   723 | D:2      | Killed Natasha
   724 | D:2      | Reached skill level 4 in Axes
   828 | D:2      | Found a faded altar of an unknown god.
   867 | D:2      | Noticed Natasha
   869 | D:2      | 869 ||| FLEEEEING.
   870 | D:2      | 870 ||| FLEEEEING.
   887 | D:2      | Killed Natasha
   888 | D:2      | Reached XP level 5. HP: 23/32 MP: 5/5
   937 | D:2      | 937 ||| Stepping ~*~*~tactically~*~*~ (hiding).
   939 | D:2      | 939 ||| Stepping ~*~*~tactically~*~*~ (hiding).
  1153 | D:2      | 1153 ||| Stepping ~*~*~tactically~*~*~ (stealth).
  1154 | D:2      | 1154 ||| Stepping ~*~*~tactically~*~*~ (stealth).
  1161 | D:2      | 1161 ||| Stepping ~*~*~tactically~*~*~ (hiding).
  1506 | D:2      | 1506 ||| UPGRADING to +5 ring of evasion.
  1507 | D:2      | 1507 ||| UPGRADING to ring of protection from fire.
  1508 | D:2      | 1508 ||| READING scroll labelled EDEIRI ZIPOE.
  1509 | D:2      | 1509 ||| READING scroll labelled TAXOAFROANT.
  1510 | D:2      | 1510 ||| READING scroll labelled FUZEUTW HOEGISK.
  1511 | D:2      | 1511 ||| READING scroll labelled OTESOA OFOMN.
  1512 | D:2      | 1512 ||| DRINKING 2 yellow potions.
  1513 | D:2      | 1513 ||| DRINKING 3 pink potions.
  1513 | D:2      | Gained mutation: Your flesh is cold resistant. (rC+)
                  | [potion of mutation]
  1513 | D:2      | Gained mutation: You sometimes lose your temper in combat.
                  | [potion of mutation]
  1513 | D:2      | Gained mutation: Your large and strong wings let you fly.
                  | [potion of mutation]
  1514 | D:2      | 1514 ||| DRINKING 2 potions of mutation.
  1514 | D:2      | Lost mutation: You sometimes lose your temper in combat.
                  | [potion of mutation]
  1514 | D:2      | Lost mutation: Your large and strong wings let you fly.
                  | [potion of mutation]
  1514 | D:2      | Gained mutation: You occasionally lose the ability to read
                  | scrolls when taking damage. [potion of mutation]
  1515 | D:2      | 1515 ||| DRINKING potion of mutation.
  1515 | D:2      | Lost mutation: You occasionally lose the ability to read
                  | scrolls when taking damage. [potion of mutation]
  1515 | D:2      | Lost mutation: Your flesh is cold resistant. (rC+) [potion
                  | of mutation]
  1515 | D:2      | Gained mutation: You have large cloven feet. [potion of
                  | mutation]
  1516 | D:2      | 1516 ||| DRINKING 2 glowing clear potions.
  1526 | D:2      | 1526 ||| DRINKING 3 clear potions.
  1547 | D:2      | 1547 ||| DROPPING potion of ambrosia.
  1635 | D:3      | 1635 ||| Stepping ~*~*~tactically~*~*~ (stealth).
  1642 | D:3      | Identified the +7 long sword "Iwug" {flame, Will- Dex+5}
  1651 | D:3      | 1651 ||| Stepping ~*~*~tactically~*~*~ (stealth).
  1774 | D:3      | 1774 ||| Stepping ~*~*~tactically~*~*~ (hiding).
  1806 | D:3      | Reached skill level 5 in Axes
  1811 | D:3      | 1811 ||| Stepping ~*~*~tactically~*~*~ (stealth).
  1812 | D:3      | 1812 ||| Stepping ~*~*~tactically~*~*~ (stealth).
  1841 | D:3      | Found an ancient bone altar of Kikubaaqudgha.
  1986 | D:3      | 1986 ||| READING scroll of enchant armour.
  1986 | D:3      | 1986 ||| ENCHANTING +0 helmet.
  2060 | D:3      | 2060 ||| Stepping ~*~*~tactically~*~*~ (stealth).
  2066 | D:3      | 2066 ||| Stepping ~*~*~tactically~*~*~ (stealth).
  2068 | D:3      | 2068 ||| Stepping ~*~*~tactically~*~*~ (stealth).
  2085 | D:3      | 2085 ||| DROPPING +0 mace.
  2093 | D:3      | Reached XP level 6. HP: 38/38 MP: 6/6
  2138 | D:3      | 2138 ||| Stepping ~*~*~tactically~*~*~ (stealth).
  2151 | D:3      | Reached skill level 1 in Dodging
  2599 | D:3      | 2599 ||| DROPPING scarf of harm.
  2600 | D:3      | 2600 ||| UPGRADING to +0 chain mail.
  2610 | D:3      | 2610 ||| DROPPING +0 scale mail.
  2611 | D:3      | 2611 ||| READING scroll labelled RUDUSE VYLI.
  2615 | D:3      | 2615 ||| READING scroll labelled ZEPLACIDUN.
  2843 | D:4      | 2843 ||| Stepping ~*~*~tactically~*~*~ (hiding).
  2844 | D:4      | 2844 ||| Stepping ~*~*~tactically~*~*~ (hiding).
  2856 | D:4      | 2856 ||| Stepping ~*~*~tactically~*~*~ (hiding).
  2896 | D:4      | 2896 ||| Stepping ~*~*~tactically~*~*~ (stealth).
  2976 | D:4      | Reached skill level 6 in Axes
  3189 | D:4      | Noticed Menkaure
  3190 | D:4      | 3190 ||| Stepping ~*~*~tactically~*~*~ (hiding).
  3196 | D:4      | Killed Menkaure
  3197 | D:4      | Reached XP level 7. HP: 37/43 MP: 7/7
  3222 | D:4      | Found a sacrificial altar of Ru.
  3278 | D:4      | 3278 ||| READING scroll labelled NINLEV LUERR.
  3290 | D:4      | 3290 ||| Stepping ~*~*~tactically~*~*~ (hiding).
  3429 | D:4      | Found a staircase to the Ecumenical Temple.
  3430 | D:4      | 3430 ||| PLANNING TEMPLE
  3438 | Temple   | Entered the Ecumenical Temple
  3439 | Temple   | 3439 ||| PLANNING OKAWARU WORSHIP
  3878 | Temple   | Became a worshipper of Warmaster Okawaru
  3879 | Temple   | 3879 ||| PLANNING D:1-11
  4075 | D:4      | 4075 ||| READING 2 scrolls of identify.
  4075 | D:4      | 4075 ||| IDENTIFYING blue potion
  4076 | D:4      | 4076 ||| DROPPING potion of degeneration.
  4088 | D:5      | Entered Level 5 of the Dungeon
  4101 | D:5      | Found Gonui's Assorted Antiques.
  4106 | D:5      | 4106 ||| BUYING black potion (25 gold).
  4106 | D:5      | Bought a black potion for 25 gold pieces
  4106 | D:5      | 4106 ||| BUYING potion of heal wounds (140 gold).
  4106 | D:5      | Bought a potion of heal wounds for 140 gold pieces
  4106 | D:5      | 4106 ||| BUYING potion of might (112 gold).
  4106 | D:5      | Bought a potion of might for 112 gold pieces
  4106 | D:5      | 4106 ||| SHOPLISTING scroll labelled OTOGIST YQEU (28 gold,
                  | have 9).
  4106 | D:5      | 4106 ||| SHOPLISTING scroll labelled XASSAEXEEN (28 gold,
                  | have 9).
  4115 | D:5      | Found Sokucw's Antique Armour Boutique.
  4120 | D:5      | 4120 ||| SHOPLISTING glowing scarf (216 gold, have 9).
  4120 | D:5      | 4120 ||| SHOPLISTING pair of runed boots (202 gold, have
                  | 9).
  4172 | D:5      | 4172 ||| Stepping ~*~*~tactically~*~*~ (hiding).
  4201 | D:5      | 4201 ||| STAIRDANCE
  4287 | D:5      | Reached skill level 7 in Axes
  4399 | D:5      | Found Agummog's Jewellery Boutique.
  4400 | D:5      | Found Ucohym's Assorted Antiques.
  4423 | D:5      | 4423 ||| STAIRDANCE
  4424 | D:4      | Found a stormy altar of Qazlal.
  4442 | D:5      | 4442 ||| SHOPLISTING amulet of faith (440 gold, have 9).
  4442 | D:5      | 4442 ||| SHOPLISTING amulet of guardian spirit (330 gold,
                  | have 9).
  4442 | D:5      | 4442 ||| SHOPLISTING amulet of regeneration (330 gold, have
                  | 9).
  4442 | D:5      | 4442 ||| SHOPLISTING ring of Alax Utt {Fire *Corrode rN+++
                  | Str+2 Dex+3} (636 gold, have 9).
  4442 | D:5      | 4442 ||| SHOPLISTING ring of fire (275 gold, have 9).
  4442 | D:5      | 4442 ||| SHOPLISTING ring of ice (275 gold, have 9).
  4442 | D:5      | 4442 ||| SHOPLISTING ring of positive energy (220 gold,
                  | have 9).
  4450 | D:5      | 4450 ||| SHOPLISTING bronze wand (88 gold, have 13).
  4450 | D:5      | 4450 ||| SHOPLISTING glowing ivory wand (88 gold, have 13).
  4450 | D:5      | 4450 ||| SHOPLISTING potion of might (88 gold, have 13).
  4450 | D:5      | 4450 ||| SHOPLISTING potion of mutation (176 gold, have
                  | 13).
  4450 | D:5      | 4450 ||| SHOPLISTING scroll of enchant armour (165 gold,
                  | have 13).
  4450 | D:5      | 4450 ||| SHOPLISTING scroll of teleportation (66 gold, have
                  | 13).
  4563 | D:5      | Reached XP level 8. HP: 40/49 MP: 8/8
  4727 | D:5      | Reached * piety under Okawaru
  4980 | D:5      | 4980 ||| UPGRADING to +6 ring of strength.
  4982 | D:5      | 4982 ||| READING scroll labelled SOITSA CEAP.
  4983 | D:5      | 4983 ||| READING 3 scrolls of identify.
  4983 | D:5      | 4983 ||| IDENTIFYING black potion
  4984 | D:5      | 4984 ||| READING 2 scrolls of identify.
  4984 | D:5      | 4984 ||| IDENTIFYING emerald potion
  5045 | D:6      | Identified the +8 dagger "Suem" {freeze, rPois Str+3 Int+3
                  | Dex+2}
  5065 | D:6      | Noticed Eustachio
  5076 | D:6      | 5076 ||| INVOKING Heroism.
  5085 | D:6      | Killed Eustachio
  5086 | D:6      | Reached skill level 8 in Axes
  5142 | D:6      | 5142 ||| FLEEEEING.
  5143 | D:6      | 5143 ||| FLEEEEING.
  5144 | D:6      | 5144 ||| STAIRDANCE
  5246 | D:5      | 5246 ||| READING scroll labelled MUOTUE ROUMAGIN.
  5350 | D:6      | 5350 ||| STAIRDANCE
  5357 | D:5      | 5357 ||| INVOKING Heroism.
  5363 | D:5      | Reached skill level 1 in Invocations
  5451 | D:6      | 5451 ||| INVOKING Heroism.
  5456 | D:6      | Reached skill level 6 in Fighting
  5456 | D:6      | Reached skill level 3 in Invocations
  5459 | D:6      | Reached XP level 9. HP: 55/55 MP: 7/12
  5466 | D:6      | 5466 ||| Stepping ~*~*~tactically~*~*~ (hiding).
  5467 | D:6      | 5467 ||| Stepping ~*~*~tactically~*~*~ (hiding).
  5566 | D:6      | Noticed Pikel
  5567 | D:6      | 5567 ||| Stepping ~*~*~tactically~*~*~ (hiding).
  5569 | D:6      | 5569 ||| INVOKING Heroism.
  5570 | D:6      | Paralysed by Pikel for 2 turns
  5578 | D:6      | Killed Pikel
  5578 | D:6      | Reached ** piety under Okawaru
  5579 | D:6      | Reached skill level 9 in Axes
  5623 | D:6      | 5623 ||| Stepping ~*~*~tactically~*~*~ (hiding).
  5632 | D:6      | 5632 ||| DRINKING 2 potions of curing.
  5632 | D:6      | 5632 ||| (to cure confusion)
  5805 | D:6      | 5805 ||| UPGRADING to +0 cloak.
  5839 | D:7      | 5839 ||| INVOKING Heroism.
  5947 | D:7      | Found a runed translucent gate.
  5948 | D:7      | Found a runed translucent gate.
  5949 | D:7      | Found a runed translucent gate.
  5949 | D:7      | Noticed qw's ghost (novice GrFi)
  5954 | D:7      | Noticed a centaur warrior
  5972 | D:7      | 5972 ||| INVOKING Heroism.
  6023 | D:7      | 6023 ||| Stepping ~*~*~tactically~*~*~ (hiding).
  6026 | D:7      | 6026 ||| INVOKING Heroism.
  6041 | D:7      | 6041 ||| INVOKING Heroism.
  6088 | D:7      | 6088 ||| FLEEEEING.
  6089 | D:7      | 6089 ||| FLEEEEING.
  6109 | D:7      | 6109 ||| FLEEEEING.
  6110 | D:7      | 6110 ||| STAIRDANCE
  6186 | D:6      | 6186 ||| READING 2 scrolls of identify.
  6186 | D:6      | 6186 ||| IDENTIFYING sedimented red potion
  6187 | D:6      | 6187 ||| DROPPING potion of berserk rage.
  6208 | D:7      | 6208 ||| Stepping ~*~*~tactically~*~*~ (hiding).
  6212 | D:7      | 6212 ||| INVOKING Heroism.
  6220 | D:7      | Reached skill level 1 in Throwing
  6349 | D:7      | 6349 ||| INVOKING Heroism.
  6406 | D:7      | 6406 ||| INVOKING Heroism.
  6568 | D:7      | 6568 ||| Stepping ~*~*~tactically~*~*~ (hiding).
  6755 | D:7      | Reached skill level 10 in Axes
  6755 | D:7      | Reached XP level 10. HP: 63/63 MP: 13/13
  7626 | D:8      | 7626 ||| INVOKING Heroism.
  7702 | D:8      | Noticed Joseph
  7705 | D:8      | 7705 ||| DRINKING 2 potions of cancellation.
  7719 | D:8      | 7719 ||| INVOKING Heroism.
  7724 | D:8      | Killed Joseph
  7837 | D:8      | Noticed Grum
  7838 | D:8      | 7838 ||| Stepping ~*~*~tactically~*~*~ (stealth).
  7839 | D:8      | 7839 ||| INVOKING Heroism.
  7849 | D:8      | Killed Grum
  7853 | D:8      | 7853 ||| Stepping ~*~*~tactically~*~*~ (hiding).
  7854 | D:8      | 7854 ||| Stepping ~*~*~tactically~*~*~ (hiding).
  8217 | D:8      | Noticed Erica
  8218 | D:8      | 8218 ||| INVOKING Heroism.
  8235 | D:8      | Killed Erica
  8350 | D:8      | 8350 ||| INVOKING Heroism.
  8646 | D:8      | 8646 ||| Stepping ~*~*~tactically~*~*~ (stealth).
  8649 | D:8      | 8649 ||| Stepping ~*~*~tactically~*~*~ (stealth).
  8679 | D:8      | 8679 ||| READING scroll of enchant weapon.
  8679 | D:8      | 8679 ||| ENCHANTING +1 war axe.
  8723 | D:8      | 8723 ||| READING 3 scrolls labelled OTOGIST YQEU.
  8724 | D:8      | 8724 ||| DROPPING 2 scrolls of poison.
  8764 | D:9      | 8764 ||| Stepping ~*~*~tactically~*~*~ (stealth).
  8766 | D:9      | 8766 ||| Stepping ~*~*~tactically~*~*~ (hiding).
  8774 | D:9      | 8774 ||| INVOKING Heroism.
  8794 | D:9      | Reached skill level 11 in Axes
  8794 | D:9      | 8794 ||| INVOKING Heroism.
  8970 | D:9      | Found a staircase to the Orcish Mines.
  9013 | D:9      | 9013 ||| INVOKING Heroism.
  9200 | D:9      | 9200 ||| Stepping ~*~*~tactically~*~*~ (stealth).
  9204 | D:9      | 9204 ||| Stepping ~*~*~tactically~*~*~ (water).
  9204 | D:9      | Found a staircase to the Lair.
  9212 | D:9      | Reached skill level 6 in Armour
  9223 | D:9      | Reached XP level 11. HP: 56/69 MP: 14/14
  9285 | D:9      | Reached *** piety under Okawaru
  9286 | D:9      | Reached skill level 9 in Fighting
  9563 | D:9      | Found a glowing golden altar of the Shining One.
  9605 | D:9      | 9605 ||| PLANNING LAIR
  9605 | D:9      | 9605 ||| DROPPING ring of wizardry.
  9637 | Lair:1   | Entered Level 1 of the Lair of Beasts
  9638 | Lair:1   | 9638 ||| PLANNING GAUNTLET
  9638 | Lair:1   | 9638 ||| INVOKING Heroism.
  9652 | Lair:1   | Received a gift from Okawaru
  9698 | Lair:1   | 9698 ||| INVOKING Heroism.
  9748 | Lair:1   | 9748 ||| INVOKING Heroism.
  9758 | Lair:1   | Reached skill level 12 in Axes
  9859 | Lair:1   | 9859 ||| INVOKING Heroism.
  9870 | Lair:1   | Reached skill level 6 in Shields
  9912 | Lair:1   | 9912 ||| INVOKING Heroism.
  9938 | Lair:1   | Found a gate leading to a gauntlet.
  9942 | Lair:1   | 9942 ||| INVOKING Heroism.
  9959 | Gauntlet | Entered a Gauntlet
  9959 | Gauntlet | Found a transporter.
  9962 | Gauntlet | Noticed a wizard
  9968 | Gauntlet | Found a transporter.
  9971 | Gauntlet | Found a transporter.
  9972 | Gauntlet | Found a transporter.
  9977 | Gauntlet | Noticed a tengu warrior
  9980 | Gauntlet | Found a transporter.
  9983 | Gauntlet | Found a transporter.
  9984 | Gauntlet | Found a transporter.
  9986 | Gauntlet | Noticed a sixfirhy
  9993 | Gauntlet | Found a transporter.
  9996 | Gauntlet | Found a transporter.
  9997 | Gauntlet | Found a transporter.
 10004 | Gauntlet | Found a runed translucent door.
 10006 | Gauntlet | Found a transporter.
 10009 | Gauntlet | Found a transporter.
 10010 | Gauntlet | Found a transporter.
 10019 | Gauntlet | Found a transporter.
 10047 | Gauntlet | Noticed an obsidian statue
 10113 | Gauntlet | Killed a wizard
 10153 | Gauntlet | 10153 ||| SWAPPING to +2 war axe of electrocution.
 10154 | Gauntlet | 10154 ||| DROPPING +2 war axe.
 10157 | Gauntlet | 10157 ||| READING scroll of enchant weapon.
 10157 | Gauntlet | 10157 ||| ENCHANTING +2 war axe of electrocution.
 10168 | Gauntlet | 10168 ||| INVOKING Heroism.
 10171 | Gauntlet | Killed a tengu warrior
 10171 | Gauntlet | Reached **** piety under Okawaru
 10293 | Gauntlet | Killed a sixfirhy
 10347 | Gauntlet | 10347 ||| UPGRADING to +2 helmet of intelligence.
 10357 | Gauntlet | 10357 ||| DROPPING +1 helmet.
 10372 | Gauntlet | Noticed a minotaur
 10374 | Gauntlet | 10374 ||| INVOKING Heroism.
 10392 | Gauntlet | HP: 4/72 [minotaur/+2 flail of holy wrath (24)]
 10393 | Gauntlet | 10393 ||| DRINKING potion of heal wounds.
 10398 | Gauntlet | Killed a minotaur
 10399 | Gauntlet | Reached XP level 12. HP: 19/77 MP: 15/15
 10399 | Gauntlet | HP: 18/77 [minotaur zombie (1)]
 10586 | Gauntlet | 10586 ||| DROPPING +0 flail.
 10589 | Gauntlet | Identified the +1 battleaxe "Jeyschea" {elec, Str+5}
 10684 | Gauntlet | 10684 ||| UPGRADING to +0 plate armour.
 10694 | Gauntlet | 10694 ||| DROPPING +0 chain mail.
 10705 | Lair:1   | 10705 ||| PLANNING LAIR
 10757 | Lair:1   | Noticed Gastronok
 10758 | Lair:1   | 10758 ||| Stepping ~*~*~tactically~*~*~ (hiding).
 10759 | Lair:1   | 10759 ||| INVOKING Heroism.
 10775 | Lair:1   | Killed Gastronok
 10775 | Lair:1   | Received a gift from Okawaru
 10776 | Lair:1   | Reached skill level 3 in Throwing
 10776 | Lair:1   | Reached skill level 6 in Invocations
 11042 | Lair:1   | You fall into a shaft and drop 1 floor!
 11144 | Lair:1   | Reached ***** piety under Okawaru
 11282 | Lair:1   | Noticed Fannar
 11292 | Lair:1   | Killed Fannar
 11327 | Lair:1   | 11327 ||| FLEEEEING.
 11328 | Lair:1   | 11328 ||| FLEEEEING.
 11329 | Lair:1   | 11329 ||| FLEEEEING.
 11330 | Lair:1   | 11330 ||| FLEEEEING.
 11331 | Lair:1   | 11331 ||| STAIRDANCE
 11427 | Lair:1   | Received a gift from Okawaru
 11433 | Lair:1   | Noticed a four-headed hydra
 11434 | Lair:1   | 11434 ||| INVOKING Heroism.
 11435 | Lair:1   | 11435 ||| SWAPPING to +2 flail of holy wrath.
 11436 | Lair:1   | 11436 ||| Stepping ~*~*~tactically~*~*~ (water).
 11437 | Lair:1   | 11437 ||| INVOKING Finesse.
 11443 | Lair:1   | Killed a four-headed hydra
 11444 | Lair:1   | 11444 ||| SWAPPING to +3 war axe of electrocution.
 11587 | Lair:2   | 11587 ||| INVOKING Heroism.
 11605 | Lair:2   | 11605 ||| Stepping ~*~*~tactically~*~*~ (stealth).
 11607 | Lair:2   | 11607 ||| Stepping ~*~*~tactically~*~*~ (stealth).
 11611 | Lair:2   | 11611 ||| Stepping ~*~*~tactically~*~*~ (stealth).
 11659 | Lair:2   | Found a staircase to the Snake Pit.
 11673 | Lair:2   | 11673 ||| SWAPPING to +0 broad axe.
 11698 | Lair:2   | 11698 ||| Stepping ~*~*~tactically~*~*~ (stealth).
 11706 | Lair:2   | 11706 ||| DROPPING +3 war axe of electrocution.
 11761 | Lair:2   | 11761 ||| INVOKING Heroism.
 11771 | Lair:2   | Received a gift from Okawaru
 11777 | Lair:2   | HP: 2/77 [freezing wraith (22)]
 11777 | Lair:2   | Slain by a freezing wraith

Levels and vault maps discovered:
D:1:      dpeg_arrival_rooms_b, layout_basic
D:2:      layout_loops_ring, hellmonk_ecumenical_altar_arch_garden, uniq_natasha
D:3:      minmay_recursive_quarters, layout_loops_ring,
          kiku_gazebo_garden_becter
D:4:      kennysheep_slugbush, layout_basic, nicolae_overflow_hidden_temple,
          temple_hall, minmay_misc_feat_diagonals, uniq_menkaure
D:5:      layout_basic, serial_shops, nicolae_shop_just_a_little_nook, shop,
          nicolae_shop_stone, nicolae_shop_crystal, serial_bayou_pond_e,
          minmay_misc_feat_columns, lemuel_flamethrower_1
D:6:      layout_rooms, uniq_pikel, uniq_eustachio
D:7:      cheibrodos_steamvent, layout_cave_pools, gammafunk_ghost_split,
          serial_gnoll_camp, gnoll_camp_mini_basic, gnoll_camp_mini_hut,
          gnoll_camp_mini_sergeant, gnoll_camp_medium_02, gnoll_camp_mini_hut
D:8:      layout_loops_corners, uniq_grum, uniq_joseph, uniq_erica
D:9:      layout_gridville, mainiacjoe_overflow_catwalk,
          hellmonk_lair_entry_icy, hiddenorc1_lemuel
Temple:   compressed_dpeg_triangle_lava_temple
Lair:1:   cheibrodos_lair_river_kwai, layout_long_grid, gauntlet_entry_generic,
          uniq_gastronok, uniq_fannar
Lair:2:   dreamdust_isle_of_ice, layout_gridlike,
          minmay_snake_entry_guardpost_large, nzn_sisyphean_effort,
          grunt_megastairs_3

Skill      XL: |  1  2  3  4  5  6  7  8  9 10 11 12 |
---------------+-------------------------------------+-----
Axes           | 2 3 4 5 6 7 8 10 11 12 | 12.9
Fighting       | 4 5 6 7 8 10 | 10.1
Dodging        | 1 2 |  2.0
Invocations    | 4 5 8 |  8.6
Armour         | 5 6 7 8 |  8.0
Shields        | 4 5 6 |  6.0
Throwing       | 1 2 4 |  4.6

Action                     |  1- 3 |  4- 6 |  7- 9 | 10-12 || total
---------------------------+-------+-------+-------+-------++-------
  Melee: War axe           |    74 |   180 |   321 |   354 ||   929
         Kick              |       |    33 |    78 |    96 ||   207
         Unarmed           |       |       |       |     7 ||     7
         Broad axe         |       |       |       |    29 ||    29
         Flail             |       |       |       |     6 ||     6
  Throw: Boomerang         |       |       |     8 |    90 ||    98
         Javelin           |       |       |       |    28 ||    28
 Invoke: Heroism           |       |       |    11 |    20 ||    31
         Finesse           |       |       |       |     1 ||     1
    Use: Scroll            |     2 |     7 |     7 |     3 ||    19
         Potion            |     1 |     6 |     1 |     2 ||    10
 Armour: Scale mail        |    32 |    87 |       |       ||   119
         Chain mail        |       |    11 |   151 |   110 ||   272
         Skin              |       |       |       |     1 ||     1
         Plate armour      |       |       |       |    44 ||    44
  Dodge: Dodged            |    34 |   109 |   262 |   239 ||   644
  Block: Buckler           |    15 |    34 |    83 |    89 ||   221

Table legend:
 A = Non-vault XP
 B = Vault XP
 C = Vault XP percentage of total XP
 D = Non-vault monster count
 E = Vault monster count
 F = Vault count percentage of total count
                 A         B        C        D         E       F
            +---------+---------+-------+---------+---------+-------
      Total |   12829 |   15324 |  54.4 |     203 |     107 |  34.5
            +---------+---------+-------+---------+---------+-------
        D:1 |      40 |       0 |   0.0 |      24 |       0 |   0.0
        D:2 |     108 |      35 |  24.5 |      16 |       1 |   5.9
        D:3 |     149 |      32 |  17.7 |      24 |      11 |  31.4
        D:4 |     186 |     208 |  52.8 |      10 |      10 |  50.0
        D:5 |     903 |       0 |   0.0 |      28 |       0 |   0.0
        D:6 |     744 |     831 |  52.8 |      20 |       2 |   9.1
        D:7 |     416 |    1007 |  70.8 |      12 |      27 |  69.2
        D:8 |    1052 |    1813 |  63.3 |      19 |       6 |  24.0
        D:9 |     905 |    1543 |  63.0 |      11 |      25 |  69.4
     Lair:1 |    5994 |    4091 |  40.6 |      30 |       8 |  21.1
     Lair:2 |    2332 |    1103 |  32.1 |       9 |       6 |  40.0
   Gauntlet |       0 |    4661 | 100.0 |       0 |      11 | 100.0
            +---------+---------+-------+---------+---------+-------
